AoeStats
← andonijodargutierrez

Nomad

508430828Analyzed
2v2 RM · 9d ago on Sep 22, 2026· 59m 4s· 4 players
Game mode
Random Map
Map size
176×176
Population
200
Speed
Normal
Resources
Standard
Victory
Conquest
Starting age
Dark Age
Ending age
Imperial Age
RankedLock teamsTeams togetherTeam positionsShared explorationLock speedFull tech treeHidden civsTurbo modeCheats
Victory
Defeat
🇫🇷 Bulgarians · France
790
+16
🇺🇦 Teutons · Ukraine
782
+17
🇪🇸 Teutons · Spain
823
-40
🇷🇴 Poles · Romania
765
-15
fournier.emmy
3:02 Loom
13:52 Feudal Age
14:19 Double-Bit Axe
28:04 Castle Age
52:51 Stirrups
54:58 Scale Mail Armor
54:59 Padded Archer Armor
55:10 Forging
54:51 Fletching
55:34 Thumb Ring
57:16 Scale Barding Armor
Роман Romik[RK]
16:46 Feudal Age
17:53 Fishing Lines
18:28 Double-Bit Axe
23:46 Castle Age
21:15 Man-at-Arms
22:08 Forging
23:00 Fletching
23:26 Scale Barding Armor
23:19 Stone Mining
23:25 Gold Mining
25:19 Wheelbarrow
25:22 Horse Collar
25:56 Bow Saw
25:45 Gillnets
25:15 Demolition Ship
26:22 Squires
27:01 Town Watch
29:39 Heavy Plow
30:22 Bodkin Arrow
32:43 Iron Casting
34:05 Chain Barding Armor
39:08 Imperial Age
37:18 Stone Shaft Mining
38:25 Hand Cart
38:40 Scale Mail Armor
39:04 Gambesons
40:26 Ironclad
41:14 Conscription
44:01 Blast Furnace
43:25 Chain Mail Armor
47:09 Plate Mail Armor
48:40 Cavalier
49:34 Bloodlines
49:23 Elite Teutonic Knight
53:17 Ballistics
53:58 Chemistry
54:31 Crenellations
53:46 Elite Skirmisher
56:12 Careening
andonijodargutierrez
4:07 Loom
18:27 Feudal Age
20:49 Wheelbarrow
20:00 Town Watch
20:19 Man-at-Arms
21:17 Arson
26:22 Horse Collar
27:32 Double-Bit Axe
29:24 Scale Mail Armor
30:18 Forging
29:59 Fletching
30:23 Padded Archer Armor
32:01 Gold Mining
32:23 Stone Mining
33:02 Scale Barding Armor
36:23 Castle Age
38:45 Chain Mail Armor
38:46 Leather Archer Armor
38:27 Bodkin Arrow
39:07 Iron Casting
39:21 Chain Barding Armor
40:29 Stone Shaft Mining
40:39 Bow Saw
40:46 Heavy Plow
47:20 Gambesons
48:55 Ironclad
51:44 Long Swordsman
52:26 Squires
Madness
8:03 Loom
16:20 Feudal Age
16:45 Double-Bit Axe
17:16 Gold Mining
17:17 Stone Mining
22:30 Castle Age
21:16 Padded Archer Armor
22:14 Fletching
22:34 Crossbowman
23:53 Bow Saw
27:46 Forging
29:25 Scale Mail Armor
32:04 Horse Collar
33:04 Fishing Lines
41:26 Iron Casting
42:45 Chain Mail Armor
45:52 Heavy Plow
48:18 Wheelbarrow
55:25 Imperial Age
55:39 Capped Ram
58:44 Light Cavalry
59:34 Bloodlines
Connection lost

Rejoining the realm…

Still unreachable

The connection could not be restored.

Session expired

The server has moved on; the page needs a fresh start.